 Dungeon Crawl Stone Soup version 0.21.1-1-g345015f (webtiles) character file.

683 teukkam the Ruffian (level 7, 0/108 HPs)
             Began as a Troll Monk on June 7, 2018.
             Slain by a shadow imp (4 damage)
             ... on level 7 of the Dungeon.
             The game lasted 00:10:45 (1675 turns).

teukkam the Ruffian (Troll Monk)                    Turns: 1675, Time: 00:10:47

Health: 0/108      AC: 23    Str: 22    XL:     7   Next: 35%
Magic:  1/6        EV:  1    Int:  6    God:
Gold:   138        SH:  2    Dex: 12    Spells: 6/6 levels left

rFire    . . .     SeeInvis .     - Unarmed
rCold    . . .     Gourm    +   (no shield)
rNeg     + + +     Faith    .   (armour currently unavailable)
rPois    +         Spirit   .   (helmet currently unavailable)
rElec    .         Reflect  +   (cloak currently unavailable)
rCorr    .         Harm     .   (gloves unavailable)
MR       +....     NoTele   +   (boots unavailable)
Stlth    ++........             g - +2 amulet of reflection
HPRegen  0.68/turn              i - ring of protection from magic
MPRegen  0.10/turn              (no ring)

@: lethally poisoned (0 -> -3), tree-form
A: large, unfitting armour, fast metabolism 3, gourmand, regeneration 1
a: no special abilities


You were on level 7 of the Dungeon.
You were very full.
You were a tree.
You visited 1 branch of the dungeon, and saw 7 of its levels.

You collected 138 gold pieces.

Inventory:

Hand Weapons
 n - a +2 mace of crushing
Missiles
 o - 4 tomahawks (quivered)
Armour
 a - a +0 robe (melded)
 f - a scarf of spirit shield (melded)
Jewellery
 g - a +2 amulet of reflection (around neck)
 i - a ring of protection from magic (left branch)
Scrolls
 c - a scroll of amnesia
 e - a scroll of remove curse
 h - a scroll of identify {unknown}
 l - a scroll of teleportation {unknown}
 m - a scroll of enchant weapon {unknown}
Potions
 k - a potion of agility {unknown}
Comestibles
 b - 9 rations


   Skills:
 + Level 5.3 Fighting
 - Level 2.4 Dodging
 - Level 1.0 Stealth
 + Level 6.4 Unarmed Combat


You had 6 spell levels left.
You didn't know any spells.

Dungeon Overview and Level Annotations

Branches:
Dungeon (7/15)
 Temple: D:4-7

Altars:
Uskayaw


Innate Abilities, Weirdness & Mutations

You are too large for most types of armour.
((You have claws for hands.))
Your metabolism is lightning-fast.
You like to eat raw meat.
Your natural rate of healing is unusually fast.
((You are covered in fur. (AC +1)))
((You have very tough skin. (AC +2)))


Message History

* * * LOW HITPOINT WARNING * * *
As you read the scroll labeled UDUZEGGETH, it crumbles to dust.
It is a scroll of amnesia.
You feel forgetful for a moment.
You feel sick. The ogre barely misses you. The water moccasin bites you!
* * * LOW HITPOINT WARNING * * *
As you read the scroll labeled XOOTUX FATOFY, it crumbles to dust.
You feel blessed for a moment.
It was a scroll of remove curse.
* * * LOW HITPOINT WARNING * * *
You feel sick.
The water moccasin completely misses you.
The ogre misses you.
The shadow imp hits you but does no damage.
It was a potion of lignification.
You turn into a tree.
Your scarf of spirit shield melds into your body.
Your +0 robe melds into your body.
You feel strangely alone.
Your roots penetrate the ground.
You feel sick.
The water moccasin bites you but does no damage. x2
The shadow imp hits you.
You die...

########## #.........
. #.########
....#############.#
#....<..........#####
#..##.#.............##
#.......####OS.......#
)...##.[# #♣######..#
...#. #..# #5# #).# .#
# .#.# #.. ..... .##.#
#..# ##..#... .# #.#
#..# #.?##.## #. ...
...# ...# ## .... ...#
#.## ##.#


You could see a water moccasin, an ogre and a shadow imp.

Vanquished Creatures
  Grinder (D:5)
  An ice beast (D:6)
  A phantom (D:5)
  An ogre (D:7)
  2 bullfrogs
  A worker ant zombie (D:7)
  A gnoll (D:1)
  2 adders
  An ooze (D:2)
  An adder skeleton (D:5)
  A dart slug (D:1)
  An orc (D:7)
  5 bats
  3 giant cockroaches
  4 goblins
  10 hobgoblins
  5 jackals
  2 quokkas (D:2)
  A ball python (D:3)
  3 frilled lizards
  5 kobolds (D:2)
  7 rats
59 creatures vanquished.

Notes
Turn   | Place    | Note
-------+----------+-------------------------------------------
     0 | D:1      | teukkam the Troll Monk began the quest for the Orb.
     0 | D:1      | Reached XP level 1. HP: 22/22 MP: 0/0
   194 | D:1      | Reached XP level 2. HP: 24/29 MP: 1/1
   358 | D:1      | Reached XP level 3. HP: 20/37 MP: 2/2
  1257 | D:3      | Noticed a bullfrog
  1266 | D:3      | Killed a bullfrog
  1266 | D:3      | Reached skill level 4 in Unarmed Combat
  1266 | D:3      | Reached XP level 4. HP: 40/46 MP: 3/3
  1406 | D:3      | Reached XP level 5. HP: 52/54 MP: 4/4
  1430 | D:5      | Entered Level 5 of the Dungeon
  1430 | D:5      | Found a hide-covered altar of Uskayaw.
  1430 | D:5      | Noticed a dagger
  1430 | D:5      | Noticed a hand axe
  1446 | D:5      | Noticed a phantom
  1487 | D:5      | Noticed Grinder
  1493 | D:5      | Killed a phantom
  1493 | D:5      | Reached skill level 5 in Unarmed Combat
  1499 | D:5      | Killed Grinder
  1499 | D:5      | Reached XP level 6. HP: 41/63 MP: 2/5
  1572 | D:6      | Noticed an ice beast
  1577 | D:6      | Killed an ice beast
  1577 | D:6      | Reached skill level 6 in Unarmed Combat
  1593 | D:7      | Reached skill level 5 in Fighting
  1593 | D:7      | Reached XP level 7. HP: 60/72 MP: 3/6
  1674 | D:7      | HP: 3/72 [poisoned by a water moccasin]
  1675 | D:7      | Slain by a shadow imp

Skill      XL: |  1  2  3  4  5  6 |
---------------+-------------------+-----
Fighting       | 3 4 5 |  5.3
Unarmed Combat | 4 5 6 |  6.4
Dodging        | |  2.4
Stealth        | |  1.0

Action                   |  1- 3 |  4- 6 |  7- 9 || total
-------------------------+-------+-------+-------++-------
Melee: Unarmed           |   100 |    45 |    20 ||   165
       Punch             |     1 |     4 |     1 ||     6
Throw: Tomahawk          |       |       |     5 ||     5
  Use: Scroll            |       |       |     2 ||     2
       Potion            |       |       |     1 ||     1
 Stab: Sleeping          |     2 |     1 |       ||     3
  Eat: Chunk             |    17 |     3 |       ||    20
Armor: Robe              |    39 |    11 |     4 ||    54
       Skin              |       |       |     2 ||     2
Dodge: Dodged            |    49 |    12 |    13 ||    74
Block: Other             |       |     1 |     1 ||     2
